[Event "Late-Titled-Tuesday-Blitz-April-30-2024"]
[Site "Chess.com"]
[Date "2024.04.30"]
[Round "2"]
[White "ShahxaibKhan"]
[Black "Balla_Tamas"]
[Result "1-0"]
[WhiteElo "2325"]
[BlackElo "2506"]
[TimeControl "180+1"]
[EndTime "14:20:19 PDT"]
[Termination "ShahxaibKhan won on time"]

1. e4 c5 2. Nc3 Nc6 3. f4 g6 4.
Nf3 Bg7 5. Bb5 Nd4 6. Bc4 e6 7. d3 Ne7 8. Nxd4 cxd4 9. Ne2 O-O 10. Bb3 d5 11. e5 a5 12. a4 f6 13. exf6 Rxf6 14.
O-O Nf5 15. Bd2 Bd7 16. Qe1 Rf8 17. Kh1 Qb6 18. Rf3 Rae8 19. Bxa5 Qc6 20. Bd2 e5 21. fxe5 Rxe5 22. Qd1 Nh4 23. Rxf8+ Bxf8 24. Nxd4 Qf6 25. Qf1 Nf5 26. Nf3 Bc5 27. Bc3 Ng3+ 28. hxg3 Rh5+ 29. Nh2 Qg5 30. Qf6 Qxf6 31. Bxf6 Bd6 32. Bh4 g5 33. Bxd5+ Kg7 34. Bf3 Rh6 35. Bxg5 Rg6 36. Bf4 Bc5 37.
c3 Be7 38. Be5+ Kg8 39. Re1 Rb6 40. b4 Bxa4 41. Bd5+ Kf8 42. Bd4 Rh6 43. Kg1 Rg6 44. Kf2 Bd6 45. Be5 Be7 46. Nf3 Bd7 47. Nh4 Ra6 48. Bc4 Ra3 49. Re2 b5 50. Bd5 Bg4 51. Bf3 Be6 52. g4 Bd7 53. Nf5 Bg5 54. g3 h5 55.
gxh5 Bxf5 56. g4 Bxd3 57. Bd6+ Kf7 58. Bd5+ Kg7 59. Be5+ Kf8 60. Bd6+ Kg7 61. Be5+ Kf8 62.
Rb2 Ra1 63. Kg3 Re1 64. Bf4 Bf6 65. Bd2 Be5+ 66. Kf2 Re2+ 67. Kf3 Rh2 68. Bc6 Rh3+ 69. Kf2 Rh2+ 70. Ke3 Rh3+ 71. Bf3 Bc4 72. Be1 Bd5 73. Rf2 Be6 74. Ke2 1-0

[Event "Late-Titled-Tuesday-Blitz-April-30-2024"]
[Site "Chess.com"]
[Date "2024.04.30"]
[Round "2"]
[White "Sl4werThanYou"]
[Black "ACollins05"]
[Result "0-1"]
[WhiteElo "2795"]
[BlackElo "2568"]
[TimeControl "180+1"]
[EndTime "14:20:20 PDT"]
[Termination "ACollins05 won by checkmate"]

1. e4 a6 2. d4 b5 3. Nf3 Bb7 4. Bd3 e6 5. Qe2 c5 6. c3 Be7 7. e5 d6 8. Nbd2 Nc6 9. a3 Qb6 10. dxc5 dxc5 11. Ne4 h6 12. Bf4 c4 13. Bc2 Bc5 14.
O-O g5 15. Bg3 Nge7 16. Nf6+ Kd8 17. Rad1+ Kc8 18. Rd7 Rd8 19. Rfd1 Rxd7 20. Rxd7 Nb8 21. Rd1 Nd5 22. Be4 Nd7 23. Nxd5 exd5 24. Bxd5 Bxd5 25. Rxd5 Qc6 26. Qd1 Nb6 27. Rd2 Kb7 28. h4 g4 29.
Nh2 h5 30. Nf1 Re8 31. Kh2 Qe6 32. Qe2 Nd7 33. Qe4+ Ka7 34. Ne3 Nb6 35. Nf5 Qc8 36. Ng7 Rh8 37. Bf4 Bf8 38. Nf5 Bc5 39. Bg5 Qb7 40.
Qxb7+ Kxb7 41. Bf6 Re8 42. Ng7 Rh8 43. Ne6 Rc8 44. Nf4 Kc6 45. Nxh5 Nd7 46. Ng7 Rg8 47. h5 Rh8 48. Kg3 Rh7 49. Kxg4 Bf8 50. Nf5 Bc5 51. Kg5 a5 52. g4 b4 53. axb4 axb4 54.
f4 b3 55. Ne7+ Bxe7 56. Bxe7 Nb6 57. Bf6 Nd5 58. Kf5 Ne3+ 59. Ke4 Nxg4 60. Rd4 Kb5 61. Rd5+ Kc6 62. Rd6+ Kc5 63. Kf3 Nxf6 64. Rxf6 Rxh5 65. Rxf7 Rh2 66. Rd7 Rxb2 67. e6 Rb1 68. Kf2 b2 69.
e7 Rf1+ 70. Kg2 b1=Q 71. e8=Q Rg1+ 72. Kf3 Qf1+ 73. Ke4 Qe2+ 74. Kf5 Qxe8 75. Rd4 Qf7+ 76. Ke5 Qe7+ 77. Kf5 Re1 78. Rd1 Qe6+ 79. Kg5 Rxd1 80.
f5 Rg1+ 81. Kh4 Qg8 82. Kh5 Qh8# 0-1

[Event "Late-Titled-Tuesday-Blitz-April-30-2024"]
[Site "Chess.com"]
[Date "2024.04.30"]
[Round "2"]
[White "Sjakkerntobi"]
[Black "NCchamp"]
[Result "1-0"]
[WhiteElo "2499"]
[BlackElo "2225"]
[TimeControl "180+1"]
[EndTime "14:20:25 PDT"]
[Termination "Sjakkerntobi won on time"]

1. e4 c6 2. Nc3 d5 3. Nf3 dxe4 4. Nxe4 Nf6 5. Qe2 Nxe4 6. Qxe4 Qd5 7. Qf4 Qf5 8. Qxf5 Bxf5 9. d3 h6 10. g3 e6 11. Bg2 Nd7 12. O-O Bd6 13. Bd2 O-O 14.
Rab1 Rfe8 15. b4 a6 16. a4 Rec8 17. Be3 e5 18. Nd2 Be6 19. b5 axb5 20. axb5 Bd5 21.
Ne4 Be7 22. c4 Be6 23. bxc6 bxc6 24. Ra1 Rab8 25. Rfb1 f5 26. Nd2 Nc5 27. d4 exd4 28.
Bxd4 Rxb1+ 29. Rxb1 Rd8 30. Be3 Ne4 31. Nxe4 fxe4 32.
Bxe4 Bxc4 33. Bxc6 Bd5 34. Bxd5+ Rxd5 35. Kg2 Kf7 36.
Kf3 Bf6 37. Ke4 Re5+ 38. Kf3 Kg6 39. Rb4 Rf5+ 40. Kg2 Ra5 41. Rc4 Ra2 42. h4 Kf7 43. Kf3 Ra5 44. Re4 Rb5 45. Bf4 Ra5 46. Re3 Rb5 47.
Rd3 Ra5 48. Kg4 h5+ 49. Kf3 Kg6 50. Ke4 Ra4+ 51. Kf3 Ra5 52. Bd2 Ra4 53. Re3 Ra6 54. Re4 Ra3+ 55. Be3 Rd3 56. Ra4 Rd5 57. Kf4 Rf5+ 58.
Ke4 Re5+ 59. Kf3 Rf5+ 60. Bf4 Rd5 61. Re4 Rb5 62. Re2 Rb3+ 63. Kg2 Rb4 64. f3 Ra4 65. Kh3 Ra3 66. Rf2 Ra4 67. Bd6 Rd4 68. Bf4 Rd3 69.
g4 hxg4+ 70. Kxg4 Rd5 71. Rc2 Rh5 72. Bg3 Ra5 73. Rf2 Rb5 74. f4 Rf5 75. Rh2 Rh5 76.
Rd2 Rf5 77. Rd8 Rh5 78. Ra8 Rb5 79. Rh8 Rc5 80. h5+ Kf7 81. Ra8 Rc7 82. Bf2 Rd7 83. Ra7 Rxa7 84. Bxa7 Ke6 85. Bb8 Bd4 86. Kg5 Bf6+ 87.
Kg6 Kd5 88. Be5 Ke6 89. Bxf6 gxf6 90. h6 1-0

[Event "Late-Titled-Tuesday-Blitz-April-30-2024"]
[Site "Chess.com"]
[Date "2024.04.30"]
[Round "2"]
[White "SCIM"]
[Black "super_emi_26"]
[Result "0-1"]
[WhiteElo "2542"]
[BlackElo "2759"]
[TimeControl "180+1"]
[EndTime "14:20:51 PDT"]
[Termination "super_emi_26 won by resignation"]

1. d4 g6 2. c4 Bg7 3. Nc3 d6 4. e4 b6 5. Be3 Bb7 6. f3 e6 7.
Nh3 Nd7 8. Nf2 Ne7 9. Be2 a6 10.
O-O O-O 11. Qd2 e5 12. Rad1 Nc6 13. d5 Nd4 14. Bd3 f5 15. exf5 gxf5 16. Ne2 Nxe2+ 17. Qxe2 Qf6 18. Bb1 Rae8 19. Bd2 a5 20. Bc3 Nc5 21. g4 Bc8 22. Bxf5 Bxf5 23. gxf5 Qxf5 24. Ne4 Bh6 25. Kh1 Kh8 26. Nxc5 bxc5 27. Qe4 Qh5 28. Qg4 Qf7 29.
Bxa5 Ra8 30. Bc3 Rxa2 31. Rde1 Raa8 32. Rf2 Rg8 33. Qh3 Bf4 34. Rg2 Rxg2 35. Qxg2 Rg8 36. Qh3 Qg6 37. Rf1 Qd3 38. Rg1 Rxg1+ 39. Kxg1 Be3+ 40.
Kg2 Qc2+ 41. Kg3 Qg6+ 42. Qg4 Bf4+ 43. Kh3 Qh6+ 44. Qh4 Qf8 45. Qg4 Qf7 46. Qc8+ Kg7 47. Qg4+ Kh8 48. b3 h6 49. Qc8+ Kh7 50. Qg4 h5 51. Qc8 Kh6 52. Be1 Kg6 53. Bh4 Bh6 54.
Kg2 Qf4 55. Qe6+ Kh7 56. Qd7+ Bg7 57. Qxc7 Qd2+ 58. Bf2 Qg5+ 59. Kf1 Qc1+ 60. Kg2 Qg5+ 61. Bg3 h4 62. Qd7 hxg3 63. hxg3 Qd2+ 64. Kh3 Qh6+ 65. Kg2 Qg6 66. Qh3+ Kg8 67. Qd7 Bf8 68. Qh3 Qc2+ 69. Kg1 Qb1+ 70. Kg2 Qg6 71. Qd7 Qf6 72. Kh3 Be7 73. Kg2 Kf7 74. Qc8 Qg6 75. Qh3 Kg7 76. Kg1 Qg5 77. Kg2 e4 78. Kg1 Qe3+ 79. Kh2 Qf2+ 80.
Qg2 Qxf3 81. Qxf3 exf3 82. Kg1 Kf6 83. Kf2 Ke5 84. Kxf3 Kd4 85. g4 Kc3 86. Ke4 Kxb3 87. Kf5 Kxc4 88. Ke6 Bf8 89. g5 Kd4 90. Kf7 c4 91. Kxf8 c3 92. g6 c2 93. g7 c1=Q 94. g8=Q Qc8+ 95. Kf7 Qxg8+ 96. Kxg8 Kxd5 0-1

[Event "Late-Titled-Tuesday-Blitz-April-30-2024"]
[Site "Chess.com"]
[Date "2024.04.30"]
[Round "2"]
[White "subham777"]
[Black "carloseduar100"]
[Result "0-1"]
[WhiteElo "2468"]
[BlackElo "2223"]
[TimeControl "180+1"]
[EndTime "14:21:22 PDT"]
[Termination "carloseduar100 won by resignation"]

1. e4 e6 2. Nf3 d5 3. Nc3 Nf6 4. e5 Nfd7 5. d4 c5 6. dxc5 Nc6 7. Bf4 Bxc5 8. Bd3 a6 9. Qe2 h6 10. h4 b5 11. Rh3 Bb7 12. Rg3 g6 13. Nxd5 exd5 14. e6 Nf8 15. exf7+ Kxf7 16. O-O-O Qe7 17. Ne5+ Nxe5 18. Bxe5 Rh7 19. h5 g5 20. Bxh7 Nxh7 21. Qd3 Nf8 22. Qf5+ Kg8 23. f4 Re8 24. fxg5 Qxe5 25. Qxe5 Rxe5 26. gxh6+ Kh8 27. Rf1 Rxh5 28. Rf7 Bc6 29. Rc3 d4 30. Rg3 Rxh6 31. a3 Bd6 32. Rh3 Rxh3 33. gxh3 Bd5 34. Rf6 Be5 35. Rxa6 Kg7 36.
Kb1 Ne6 37. Ra5 Bc4 38. b3 Bf1 39. a4 Nc7 40. Ra7 bxa4 41. bxa4 Bxh3 42. Ra5 Kf6 43. Rc5 Ke6 44. Rc6+ Kd5 45. Rh6 Bf1 46. a5 Na6 47. Rb6 Bd6 48. Rb7 Bc5 49. Rh7 Kc4 50. Rh6 Kb4 51. Rf6 Kxa5 52. Rxf1 Kb4 53. Rf5 Kc4 54. Rh5 Nb4 55. Rh3 Nd5 56. Rf3 Nc3+ 57. Kc1 Ba3+ 58. Kd2 Bb4 59. Kc1 Ne2+ 60. Kb2 Bc3+ 61. Kb1 Ng1 62.
Rf8 Nh3 63. Rc8+ Kd5 64. Rd8+ Ke4 65. Rh8 Nf4 66. Rf8 Ke3 67. Re8+ Kd2 68. Rh8 Ne2 69. Rh2 Ke3 70. Rh3+ Ke4 71. Rh4+ Nf4 72. Ka2 Be1 73. Rh8 Ke3 74. Re8+ Kd2 75. Kb3 Ne2 76. Re4 Bf2 77. Re8 Be3 78. Rd8 Nc1+ 79. Kb2 Ne2 80. Kb1 Nc3+ 81. Kb2 Na4+ 82. Kb3 Nc3 83. Kb2 Kd1 84. Rg8 Ne2 85. Rh8 Nf4 86. Rh1+ Ke2 87. Rh2+ Kf3 88. Rh8 Nd5 89. Rf8+ Kg4 90. Rd8 Nc3 91.
Re8 Kf5 92. Rf8+ Kg4 93. Rg8+ Kf3 94. Rf8+ Ke2 95. Rh8 Kd2 96. Rh2+ Ne2 97. Kb3 Kd1 98. Rh1+ Bg1 99. Rh3 Kc1 100. Rh1 Kb1 101. Rxg1+ Nxg1 102. Kc4 Ne2 103. Kd3 Kc1 104. c4 dxc3 0-1

[Event "Late-Titled-Tuesday-Blitz-April-30-2024"]
[Site "Chess.com"]
[Date "2024.04.30"]
[Round "2"]
[White "whiteglovethief"]
[Black "youngdinousaur"]
[Result "1/2-1/2"]
[WhiteElo "2494"]
[BlackElo "2240"]
[TimeControl "180+1"]
[EndTime "14:21:53 PDT"]
[Termination "Game drawn by 50-move rule"]

1. d4 Nf6 2. c4 e6 3. Nf3 d5 4. g3 dxc4 5. Bg2 a6 6. a4 c5 7. Na3 Nc6 8. O-O cxd4 9. Nxc4 Bc5 10. Bf4 O-O 11. Rc1 Ba7 12. Nfe5 Bd7 13. Nd6 Qe7 14. Nxb7 Nxe5 15. Bxe5 Rfc8 16. Rxc8+ Rxc8 17. Bxd4 Bb8 18. Bc5 Rxc5 19. Nxc5 Qxc5 20. Qd3 Qa5 21. Rc1 g6 22. b3 Qb6 23. e3 a5 24. Qc3 Kg7 25.
Rd1 h5 26. Rxd7 Qa6 27. Bf1 Qb6 28. Rd4 Bd6 29. Bb5 Bb4 30. Qb2 e5 31. Rc4 Qe6 32.
Rc6 Qf5 33. Qe2 Ne4 34. Kg2 Ng5 35. Rc7 e4 36. Bd7 Qf3+ 37. Qxf3 exf3+ 38. Kf1 Ne4 39. Bb5 Nd2+ 40. Kg1 Nxb3 41. Bc4 Nd2 42. Rxf7+ Kh6 43.
Rb7 Nxc4 44. h4 Nb2 45. e4 Nxa4 46. e5 Nc3 47. e6 Nd5 48. Rd7 Ne7 49. Ra7 Kg7 50.
Kh1 Kf6 51. g4 Kxe6 52. gxh5 gxh5 53. Kh2 Kf5 54. Kg3 Bd6+ 55. Kxf3 Bb4 56. Ra6 Ke5 57. Rh6 Kd4 58. Rxh5 Nd5 59. Rh8 a4 60. Ra8 a3 61.
h5 Nc3 62. h6 Ne4 63. h7 Ng5+ 64. Kg4 Nxh7 65. Ra6 Kc3 66. f4 Kb2 67. Kh5 a2 68.
Rxa2+ Kxa2 69. Kg6 Nf8+ 70. Kf7 Kb3 71. f5 Kc4 72. f6 Kd5 73. Kg7 Kd6 74. f7 Ke6 75. Kg8 Ke7 76. Kg7 Bc3+ 77. Kg8 Bd2 78. Kg7 Bg5 79. Kg8 Ne6 80. f8=Q+ Nxf8 81. Kg7 Ne6+ 82. Kg6 Be3 83. Kf5 Bd4 84. Ke4 Bc5 85. Kd5 Bd6 86.
Kc6 Be5 87. Kb7 Bf6 88. Kc6 Nf4 89. Kb7 Kd6 90. Kc8 Bd4 91. Kb8 Bc5 92. Kb7 Nd5 93. Ka6 Kc6 94. Ka5 Bd4 95. Ka6 Nc3 96. Ka5 Nb5 97. Ka6 Nc7+ 98. Ka5 Nd5 99. Ka6 Bc5 100. Ka5 Nb4 101. Ka4 Kd5 102. Ka5 Kc4 103. Ka4 Nc2 104. Ka5 Nd4 105. Ka6 Nb5 106. Kb7 Nd6+ 107. Kc7 Kd5 108. Kb8 Nb5 109. Kb7 Nc3 110. Kc7 Ne4 111. Kd7 Nc3 112. Kc7 Ne4 113. Kb7 Nd6+ 114. Ka6 Kc6 115. Ka5 Kd5 116. Ka6 Kc4 117. Ka5 Nc8 118. Ka6 Nd6 119. Ka5 Bb4+ 120. Kb6 Bc5+ 121. Kc6 Kb4 122. Kc7 Ka5 123. Kc6 Kb4 124. Kc7 Nc4 125. Kc6 Bd4 126. Kd5 Bc3 127. Kc6 Na5+ 128. Kb6 Nc4+ 129. Ka6 Kc5 130. Kb7 Nd6+ 1/2-1/2

[Event "Late-Titled-Tuesday-Blitz-April-30-2024"]
[Site "Chess.com"]
[Date "2024.04.30"]
[Round "3"]
[White "GambitGiesbergen"]
[Black "ArmanGhevondyanchess"]
[Result "1-0"]
[WhiteElo "2305"]
[BlackElo "2510"]
[TimeControl "180+1"]
[EndTime "14:23:54 PDT"]
[Termination "GambitGiesbergen won by resignation"]

1. e4 c6 2. Nf3 d5 3. d3 dxe4 4. dxe4 Qxd1+ 5. Kxd1 Bg4 6. Nd2 Bxf3+ 7. Nxf3 Nd7 8. Bf4 e5 9. Nxe5 Nxe5 10. Bxe5 O-O-O+ 11. Ke1 Re8 12. Bc3 Rxe4+ 13. Be2 Bb4 14. Bxb4 Rxb4 15.
b3 Re4 16. Kd2 Nf6 17. Bd3 Rd8 18. g3 Ng4 19. f3 Rxd3+ 20. cxd3 1-0

[Event "Late-Titled-Tuesday-Blitz-April-30-2024"]
[Site "Chess.com"]
[Date "2024.04.30"]
[Round "3"]
[White "Nechitaylo_Nikita"]
[Black "cthake"]
[Result "1-0"]
[WhiteElo "2357"]
[BlackElo "1862"]
[TimeControl "180+1"]
[EndTime "14:24:11 PDT"]
[Termination "Nechitaylo_Nikita won by resignation"]

1. d4 Nf6 2. c4 c5 3. d5 e6 4.
Nc3 exd5 5. cxd5 d6 6. e4 g6 7.
Be2 Bg7 8. Nf3 O-O 9. O-O Bg4 10. Nd2 Bxe2 11. Qxe2 Re8 12. Nc4 a6 13. a4 Qc7 14.
Bf4 Nxe4 15. Nxe4 f5 16. Nf6+ 1-0

[Event "Late-Titled-Tuesday-Blitz-April-30-2024"]
[Site "Chess.com"]
[Date "2024.04.30"]
[Round "3"]
[White "lluiss"]
[Black "CM_rui"]
[Result "0-1"]
[WhiteElo "2222"]
[BlackElo "2550"]
[TimeControl "180+1"]
[EndTime "14:24:28 PDT"]
[Termination "CM_rui won by resignation"]

1. Nf3 Nf6 2. d4 e6 3. g3 b6 4. Bg2 Bb7 5. O-O Be7 6. Re1 O-O 7. Nc3 d6 8. e4 Nbd7 9. Bg5 Rc8 10. e5 dxe5 11.
Nxe5 Bxg2 12. Kxg2 c5 13. Nxd7 Qxd7 14. dxc5 Qc6+ 15.
Qf3 Qxc5 16. Rad1 Qxg5 0-1

[Event "Late-Titled-Tuesday-Blitz-April-30-2024"]
[Site "Chess.com"]
[Date "2024.04.30"]
[Round "3"]
[White "vladoboch"]
[Black "KogotBobra17"]
[Result "0-1"]
[WhiteElo "2500"]
[BlackElo "2769"]
[TimeControl "180+1"]
[EndTime "14:24:41 PDT"]
[Termination "KogotBobra17 won by resignation"]

1. e4 c5 2. Nf3 Nc6 3. Bb5 g5 4. Bxc6 dxc6 5. Nxg5 Nf6 6. d3 Rg8 7. e5 h6 8. Nxf7 Qd5 9. exf6 Qxg2 10. Rf1 Bh3 11.
Nd2 exf6 12. Qh5 Kd7 13. Qf3 Re8+ 14. Kd1 Bg4 0-1

[Event "Late-Titled-Tuesday-Blitz-April-30-2024"]
[Site "Chess.com"]
[Date "2024.04.30"]
[Round "3"]
[White "Arystanner"]
[Black "HandKnit"]
[Result "1-0"]
[WhiteElo "2852"]
[BlackElo "2509"]
[TimeControl "180+1"]
[EndTime "14:24:44 PDT"]
[Termination "Arystanner won by resignation"]

1. d4 Nf6 2. c4 e6 3. Nf3 d5 4. Nc3 c5 5. e3 Nc6 6. cxd5 Nxd5 7.
Bd3 cxd4 8. exd4 Nxc3 9. bxc3 Be7 10. O-O O-O 11. Re1 b6 12. Bb2 Bb7 13. c4 Rc8 14. Rc1 Bf6 15. Be4 Qc7 16. Ba3 Rfd8 17. d5 Ne5 18. d6 Nxf3+ 19. Qxf3 Bxe4 20. dxc7 Bxf3 21. cxd8=Q+ Bxd8 22. gxf3 g6 23. Bd6 1-0

[Event "Late-Titled-Tuesday-Blitz-April-30-2024"]
[Site "Chess.com"]
[Date "2024.04.30"]
[Round "3"]
[White "Boninknights"]
[Black "wannabe2700"]
[Result "1-0"]
[WhiteElo "2358"]
[BlackElo "2560"]
[TimeControl "180+1"]
[EndTime "14:24:48 PDT"]
[Termination "Boninknights won by resignation"]

1. d4 f5 2. Nc3 Nf6 3. Bg5 d5 4. Bxf6 exf6 5. e3 Be6 6. Bd3 Qd7 7. Nge2 g6 8. Nf4 Bf7 9. Qf3 Bb4 10. h3 h5 11. g4 hxg4 12. hxg4 Rxh1+ 13. Qxh1 fxg4 14. Qh8+ Ke7 15. Nxg6+ Bxg6 16. Bxg6 Qd8 17. Qg7+ Kd6 18. Ke2 Nc6 1-0

[Event "Late-Titled-Tuesday-Blitz-April-30-2024"]
[Site "Chess.com"]
[Date "2024.04.30"]
[Round "3"]
[White "HonzaVykouk"]
[Black "jefferyx"]
[Result "0-1"]
[WhiteElo "2751"]
[BlackElo "3095"]
[TimeControl "180+1"]
[EndTime "14:25:10 PDT"]
[Termination "jefferyx won by resignation"]

1. c4 e5 2. d3 Nf6 3. Nf3 Nc6 4. a3 g6 5. b4 d6 6. Bb2 Bg7 7. Nbd2 O-O 8. e3 a6 9. Be2 Ne8 10. Qc2 f5 11. h4 h6 12. O-O-O Nf6 13. Kb1 Be6 14.
d4 exd4 15. Nxd4 Bd7 16. N2b3 a5 17. b5 a4 18. Nxc6 axb3 19. Qxb3 bxc6 20. c5+ d5 21. b6 cxb6 22. cxb6 Rb8 23. Bd4 Ne4 0-1

[Event "Late-Titled-Tuesday-Blitz-April-30-2024"]
[Site "Chess.com"]
[Date "2024.04.30"]
[Round "3"]
[White "Cambek64"]
[Black "dianamirza"]
[Result "1-0"]
[WhiteElo "2533"]
[BlackElo "1990"]
[TimeControl "180+1"]
[EndTime "14:25:13 PDT"]
[Termination "Cambek64 won by resignation"]

1. e4 c5 2. Nc3 e6 3. f4 a6 4. Nf3 b5 5. d4 cxd4 6. Nxd4 Bb7 7. a3 Qc7 8. Bd3 Nf6 9. Qe2 Bc5 10. Nb3 Bb6 11. Be3 Bxe3 12. Qxe3 O-O 13. h3 Nc6 14. O-O b4 15. e5 bxc3 16. exf6 cxb2 17. Qg3 g6 18.
Rab1 h5 19. Qg5 Kh7 20. Qxh5+ Kg8 21. Qh6 1-0

[Event "Late-Titled-Tuesday-Blitz-April-30-2024"]
[Site "Chess.com"]
[Date "2024.04.30"]
[Round "3"]
[White "MusicCityMaster"]
[Black "BrandonJiang123456"]
[Result "0-1"]
[WhiteElo "2410"]
[BlackElo "2221"]
[TimeControl "180+1"]
[EndTime "14:25:19 PDT"]
[Termination "BrandonJiang123456 won by resignation"]

1. e4 c5 2. Nf3 Nc6 3. d3 e6 4.
g3 d5 5. Nbd2 Nf6 6. Bg2 Be7 7.
O-O O-O 8. Re1 b6 9. e5 Nd7 10. Nf1 a5 11. h4 b5 12. Bf4 Nb6 13. h5 f5 14. exf6 Bxf6 15. Bh3 e5 16. Bxc8 exf4 17. Be6+ Kh8 18. g4 Bxb2 19. Rb1 Bc3 20. Rxb5 Bxe1 21.
Nxe1 Nd4 0-1

[Event "Late-Titled-Tuesday-Blitz-April-30-2024"]
[Site "Chess.com"]
[Date "2024.04.30"]
[Round "3"]
[White "Langua_Chess"]
[Black "campochess"]
[Result "1-0"]
[WhiteElo "2422"]
[BlackElo "2163"]
[TimeControl "180+1"]
[EndTime "14:25:28 PDT"]
[Termination "Langua_Chess won by resignation"]

1. a3 d5 2. Nf3 Nc6 3. d4 g6 4. c4 Nf6 5. cxd5 Nxd5 6. e4 Nf6 7. d5 Nb8 8. Nc3 Bg7 9. h3 O-O 10. e5 Nfd7 11. Bf4 Nb6 12. Be2 f6 13. e6 f5 14. Ne5 c6 15. Nf7 Qe8 16. O-O cxd5 17. Nxd5 Bxe6 18. Nxb6 axb6 19. Ng5 Qc8 20. Rc1 Nc6 21.
Nxe6 1-0

[Event "Late-Titled-Tuesday-Blitz-April-30-2024"]
[Site "Chess.com"]
[Date "2024.04.30"]
[Round "3"]
[White "Crazy_girl99"]
[Black "dvglko"]
[Result "1-0"]
[WhiteElo "2662"]
[BlackElo "2467"]
[TimeControl "180+1"]
[EndTime "14:25:30 PDT"]
[Termination "Crazy_girl99 won by resignation"]

1. Nf3 d5 2. g3 Nf6 3. Bg2 c5 4.
O-O Nc6 5. d3 e6 6. Nbd2 Be7 7. e4 dxe4 8. dxe4 e5 9. Qe2 Bg4 10.
c3 O-O 11. h3 Bh5 12. g4 Bg6 13. Nh4 Ne8 14. Nf5 Bg5 15. Nb3 Qb6 16. Bxg5 1-0

[Event "Late-Titled-Tuesday-Blitz-April-30-2024"]
[Site "Chess.com"]
[Date "2024.04.30"]
[Round "3"]
[White "HamedWafa4"]
[Black "Casper"]
[Result "1-0"]
[WhiteElo "2728"]
[BlackElo "2491"]
[TimeControl "180+1"]
[EndTime "14:25:38 PDT"]
[Termination "HamedWafa4 won by resignation"]

1. e4 c6 2. d4 d5 3. exd5 cxd5 4. Bd3 g6 5. c3 Bg7 6. Nf3 Nc6 7. O-O Bg4 8. h3 Bxf3 9. Qxf3 Nf6 10. Bf4 O-O 11.
Nd2 a6 12. a4 Re8 13. Rfe1 e6 14. b4 Nd7 15. Bg3 Qg5 16. Nb3 b6 17. a5 bxa5 18. Nxa5 Rec8 19. h4 Qe7 20. Nb3 h5 21. Bxa6 Re8 22.
Bb5 Rac8 23. Nc5 Bf6 24. Nxd7 1-0

[Event "Late-Titled-Tuesday-Blitz-April-30-2024"]
[Site "Chess.com"]
[Date "2024.04.30"]
[Round "3"]
[White "Valiyev_Shahin"]
[Black "gtnamfrq"]
[Result "1-0"]
[WhiteElo "2564"]
[BlackElo "2302"]
[TimeControl "180+1"]
[EndTime "14:25:51 PDT"]
[Termination "Valiyev_Shahin won by resignation"]

1. e4 c5 2. Nf3 e6 3. d4 cxd4 4. Nxd4 a6 5. Bd3 Bc5 6. Nb3 Ba7 7. O-O Nf6 8. Qe2 Nc6 9. Be3 d6 10. N1d2 O-O 11. Rad1 Qe7 12. f4 b5 13. h3 e5 14.
f5 d5 15. Bxa7 Qxa7+ 16. Kh1 Bb7 17. exd5 Nxd5 18. f6 Nf4 19. Rxf4 exf4 20. Bxh7+ Kxh7 21. Qh5+ Kg8 22. Qg5 1-0

[Event "Late-Titled-Tuesday-Blitz-April-30-2024"]
[Site "Chess.com"]
[Date "2024.04.30"]
[Round "3"]
[White "Payyappat"]
[Black "vanea_03"]
[Result "0-1"]
[WhiteElo "2501"]
[BlackElo "2795"]
[TimeControl "180+1"]
[EndTime "14:25:55 PDT"]
[Termination "vanea_03 won by resignation"]

1. e4 e5 2. Nf3 Nc6 3. Bc4 d6 4. d4 Bg4 5. Be3 exd4 6. Bxd4 Nxd4 7. Qxd4 Bxf3 8. Qd5 Qe7 9. Bb5+ Kd8 10. gxf3 c6 11. Bxc6 bxc6 12. Qxc6 Rc8 13. Qd5 Nf6 14. Qd4 Qe5 15.
Qxe5 dxe5 16. Nc3 Bb4 17. O-O-O+ Ke7 18. Nd5+ Nxd5 19. Rxd5 f6 20. Rb5 Bd6 21. Rd1 Rc7 22. b3 Bc5 23. Rd2 Rd8 24. Re2 Ba3+ 0-1

[Event "Late-Titled-Tuesday-Blitz-April-30-2024"]
[Site "Chess.com"]
[Date "2024.04.30"]
[Round "3"]
[White "Shiner22"]
[Black "SultaiC"]
[Result "1-0"]
[WhiteElo "2304"]
[BlackElo "2509"]
[TimeControl "180+1"]
[EndTime "14:26:03 PDT"]
[Termination "Shiner22 won on time"]

1. e4 c5 2. d4 cxd4 3. c3 d3 4. c4 Nc6 5. Nc3 g6 6. Bxd3 Bg7 7. f4 d6 8. Nf3 Nf6 9. O-O O-O 10. h3 Qb6+ 11. Kh2 h5 12. Qe2 Kh7 13. Be3 1-0

[Event "Late-Titled-Tuesday-Blitz-April-30-2024"]
[Site "Chess.com"]
[Date "2024.04.30"]
[Round "3"]
[White "sergiochess83"]
[Black "chessisveryfun1264"]
[Result "1-0"]
[WhiteElo "2906"]
[BlackElo "2618"]
[TimeControl "180+1"]
[EndTime "14:26:12 PDT"]
[Termination "sergiochess83 won by resignation"]

1. d4 e6 2. c4 b6 3. e4 Bb4+ 4.
Bd2 Bxd2+ 5. Qxd2 d5 6. cxd5 exd5 7. exd5 Ne7 8. Nc3 O-O 9. Be2 Nxd5 10. Nf3 Bb7 11. O-O Nd7 12. Rfe1 N7f6 13. Ne5 a6 14. Bf3 Qd6 15. Rac1 Rfd8 16. h3 Rac8 17. a3 c5 18. dxc5 Rxc5 19. Rcd1 Rcc8 20. Ng4 Qc7 21. Nxd5 Bxd5 22.
Nxf6+ 1-0

[Event "Late-Titled-Tuesday-Blitz-April-30-2024"]
[Site "Chess.com"]
[Date "2024.04.30"]
[Round "3"]
[White "nicolasbatista3"]
[Black "reevecanada"]
[Result "0-1"]
[WhiteElo "2441"]
[BlackElo "2635"]
[TimeControl "180+1"]
[EndTime "14:26:14 PDT"]
[Termination "reevecanada won by resignation"]

1. d4 Nf6 2. c4 b6 3. Nc3 Bb7 4. Nf3 d6 5. g3 Nbd7 6. Bg2 g6 7. O-O Bg7 8. Re1 O-O 9. e4 e5 10. Be3 Re8 11. d5 h6 12. Qd2 Ng4 13. Nh4 Nxe3 14. Qxe3 Bf6 15. Nf3 Kh7 16. h4 Nf8 17. Nh2 Bc8 18. Rf1 Bg7 19. Kh1 f5 20. f4 exf4 21. Qxf4 Be5 22. Qf2 Re7 23. h5 Rf7 24. hxg6+ Nxg6 25. exf5 Bxf5 26. Be4 Bxe4+ 27. Nxe4 Rxf2 28.
Rxf2 Kg7 29. Raf1 Qd7 30. Nf3 Rf8 31. Nxe5 Qh3+ 32. Kg1 Rxf2 33. Rxf2 Nxe5 34. Rf6 Qg4 35. Rf4 Qe2 36. Nf6 Nf3+ 37. Rxf3 Qxf3 0-1

[Event "Late-Titled-Tuesday-Blitz-April-30-2024"]
[Site "Chess.com"]
[Date "2024.04.30"]
[Round "3"]
[White "Balla_Tamas"]
[Black "ganzy"]
[Result "0-1"]
[WhiteElo "2493"]
[BlackElo "2293"]
[TimeControl "180+1"]
[EndTime "14:26:18 PDT"]
[Termination "ganzy won by resignation"]

1. e4 c5 2. c3 g6 3. d4 Bg7 4.
Nf3 cxd4 5. cxd4 d5 6. exd5 Nf6 7. Nc3 O-O 8. Qb3 Nbd7 9. g3 Nb6 10. Bg2 Nbxd5 11. O-O b6 12. Re1 Bb7 13. Bg5 h6 14. Bd2 e6 15. Rad1 Rc8 16. Ne5 Nxc3 17. Bxc3 Bxg2 18.
Kxg2 Qd5+ 19. Kg1 Qxb3 20. axb3 Nd5 21. Rd3 b5 22. Nd7 Rfd8 23. Nc5 Nxc3 24. bxc3 Rxc5 25. dxc5 Rxd3 26. Ra1 Rxc3 27. b4 Rxc5 28. Rxa7 Rc4 29. h4 0-1

[Event "Late-Titled-Tuesday-Blitz-April-30-2024"]
[Site "Chess.com"]
[Date "2024.04.30"]
[Round "3"]
[White "egnfanclub"]
[Black "maurovargas01"]
[Result "1-0"]
[WhiteElo "2370"]
[BlackElo "1959"]
[TimeControl "180+1"]
[EndTime "14:26:29 PDT"]
[Termination "egnfanclub won on time"]

1. e4 c6 2. d4 d5 3. exd5 cxd5 4. c4 e6 5. Nc3 Nf6 6. Nf3 Bd6 7. c5 Bc7 8. Bd3 a6 9. O-O O-O 10. b4 h6 11. a4 Re8 12. Re1 Nbd7 13. Qc2 Nf8 14.
Bd2 Bb8 15. b5 axb5 16. axb5 Rxa1 17. Rxa1 g6 18. Bxh6 Kh7 19. Bg5 1-0

[Event "Late-Titled-Tuesday-Blitz-April-30-2024"]
[Site "Chess.com"]
[Date "2024.04.30"]
[Round "3"]
[White "StelaSfw"]
[Black "Good_Knight_Kiss"]
[Result "0-1"]
[WhiteElo "1701"]
[BlackElo "2349"]
[TimeControl "180+1"]
[EndTime "14:26:36 PDT"]
[Termination "Good_Knight_Kiss won by resignation"]

1. e4 c5 2. Nf3 d6 3. d4 cxd4 4. Nxd4 Nf6 5. Nc3 a6 6. f3 e5 7.
Nb3 Be6 8. Be3 Be7 9. Be2 O-O 10. O-O Nbd7 11. Qd2 b5 12. a3 Qc7 13. Rac1 h6 14.
Nd5 Bxd5 15. exd5 Nb6 16. c4 bxc4 17. Na5 Nfxd5 18. Nxc4 Nxe3 19. Qxe3 Nxc4 20. Bxc4 Qb7 21. b4 Bg5 22. f4 Bxf4 23. Qf3 Qxf3 24. gxf3 Bxc1 25.
Rxc1 Rac8 26. Rc2 d5 27. Bd3 Rxc2 28. Bxc2 Rc8 29. Bd3 Rc3 30. Bxa6 Rxa3 31. b5 Rxf3 32. Kg2 Rb3 33. Kf2 Kf8 0-1